 Dungeon Crawl Stone Soup version 0.30.0-19-g36f170ea60 (webtiles) character file.

Game seed: 8076200479265030188

11312 Revguard the Blocker (level 11, -5/67 HPs)
             Began as a Gargoyle Fighter on May 30, 2023.
             Was a Priest of the Shining One.
             Slain by a two-headed ogre
             ... wielding a +0 giant club
              (19 damage)
             ... on level 9 of the Dungeon.
             The game lasted 00:31:55 (7907 turns).

Revguard the Blocker (Gargoyle Fighter)             Turns: 7907, Time: 00:31:55

Health: -5/67      AC: 23    Str: 29    XL:     11   Next: 75%
Magic:  19/19      EV: 11    Int: 14    God:    the Shining One [***...]
Gold:   224        SH:  6    Dex:  7    Spells: 15/20 levels left

rFire   + + .        a - +0 war axe
rCold   . . .        c - +1 buckler
rNeg    + + .        s - +6 ring mail of Fae Knowledge {+Inv rF+ Int+6}
rPois   ∞            n - +0 helmet
rElec   +            (no cloak)
rCorr   +            r - +0 pair of gloves
SInv    .            (no boots)
Will    +....        q - amulet of regeneration Stlth
                     l - +4 ring of slaying
HPRegen 1.11/turn    H - ring of Dogarouk {rF+ Will+ rCorr Str+6}
MPRegen 0.16/turn

%: no passive effects
@: slowed, glowing, studying Shields, very slow
A: sickness immunity, AC +8, negative energy resistance 1, electricity
resistance, torment resistance 1, petrification resistance, clumsy 1, dopey 1
a: Renounce Religion, Evoke Invisibility, Divine Shield, Cleansing Flame


You were on level 9 of the Dungeon.
You worshipped the Shining One.
The Shining One was most pleased with you.
You visited 2 branches of the dungeon, and saw 10 of its levels.
You also visited: Sewer.

You collected 1574 gold pieces.
You spent 1350 gold pieces at shops.

Inventory:

Hand Weapons
 a - a +0 war axe (weapon)
Missiles
 h - a throwing net
Armour
 b - a +0 scale mail
 c - a +1 buckler (worn)
 n - a +0 helmet (worn)
 r - a +0 pair of gloves (worn)
 s - the +6 ring mail of Fae Knowledge (worn) {+Inv rF+ Int+6}
   (You found it on level 2 of the Dungeon)

   Int:       It affects your intelligence (+6).
   rF:        It protects you from fire.
   +Inv:      It lets you turn invisible.
 y - a scarf of harm
Jewellery
 k - a +6 ring of dexterity
 l - a +4 ring of slaying (left hand)
 p - a ring of willpower
 q - an amulet of regeneration (around neck)
 z - a +5 ring of evasion
 H - the ring of Dogarouk (right hand) {rF+ Will+ rCorr Str+6}
   (You acquired it on level 8 of the Dungeon)

   [ring of strength]

   Str:       It affects your strength (+6).
   rF:        It protects you from fire.
   rCorr:     It protects you from acid and corrosion.
   Will:      It increases your willpower.
Wands
 t - a wand of quicksilver (18)
 u - a wand of mindburst (28)
 w - a wand of charming (13)
 E - a wand of polymorph (4)
 F - a wand of roots (5)
Scrolls
 j - 3 scrolls of poison
 m - 4 scrolls of fear
 A - a scroll of fog
 C - a scroll of magic mapping
 D - 5 scrolls of teleportation
 I - 2 scrolls of enchant weapon
 J - 2 scrolls of identify
 K - a scroll of immolation {unknown}
Potions
 d - 2 potions of might
 e - 5 potions of lignification
 f - a potion of cancellation
 i - 2 potions of magic
 o - 5 potions of curing
 v - a potion of attraction
 x - 3 potions of invisibility
 B - a potion of haste
 G - a potion of resistance


   Skills:
 + Level 7.6 Fighting
 + Level 6.0 Axes
 + Level 7.8 Armour
 + Level 5.1 Dodging
 + Level 8.4 Shields
 + Level 5.4 Spellcasting
 - Level 3.6 Conjurations
 + Level 7.2 Earth Magic
 + Level 6.9 Invocations
 + Level 5.6 Evocations


You had 15 spell levels left.
You knew the following spells:

 Your Spells              Type           Power      Damage    Failure   Level
a - Stone Arrow           Conj/Erth      38%        3d9       9%          3
b - Passwall              Tmut/Erth      11%        N/A       9%          2

Your spell library contained the following spells:

 Spells                   Type           Power      Damage    Failure   Level
 Sandblast                Erth           48%        2d12      1%          1
 Apportation              Tloc           6%         N/A       26%         1
 Necrotise                Necr           12%        1d4       26%         1
 Summon Small Mammal      Summ           12%        N/A       26%         1
 Vhi's Electric Charge    Tloc/Air       6%         N/A       61%         3
 Cause Fear               Hex            1%         N/A       95%         4
 Arcjolt                  Conj/Air       4%         1d14      98%         5
 Dragon Form              Tmut           1%         N/A       100%        7
 Maxwell's Capacitive Co  Air            1%         ∞         100%        8
 Dragon's Call            Summ           1%         N/A       100%        9


Dungeon Overview and Level Annotations

Branches:
Dungeon (9/15)             Temple (1/1) D:6            Lair (0/5) D:8
  Sewer (visited)
    Orc: D:9-12

Altars:
Ashenzari
Cheibriados
Dithmenos
Elyvilon
Fedhas
Gozag
Hepliaklqana
Kikubaaqudgha
Makhleb
Nemelex Xobeh
Okawaru
Qazlal
Ru
Sif Muna
Trog
Uskayaw
Vehumet
Wu Jian
Xom
Yredelemnul
The Shining One

Shops:
D:2 =   D:7 !

Annotations:
D:7 1 runed translucent door


Innate Abilities, Weirdness & Mutations

You are immune to sickness and miasma.
Your stone body is resilient. (AC +8)
You are immune to poison.
You resist negative energy. (rN+)
You are resistant to electric shocks. (rElec)
You are resistant to unholy torment.
You are immune to petrification.
You are clumsy. (Dex -2)
You are dopey. (Int -2)


Message History

The two-headed ogre is moderately wounded.
You hit the troll. The troll bites you but does no damage. The troll claws you.
The troll closely misses you. The gnoll hits you but does no damage.
You block the gnoll's attack.
The two-headed ogre hits you but does no damage.
The two-headed ogre hits you with a +0 giant club!
* * * LOW HITPOINT WARNING * * *
Okay, then.
You feel much better. The troll bites you! The troll closely misses you.
The troll claws you but does no damage. You block the gnoll's attack.
The gnoll closely misses you. The two-headed ogre closely misses you.
The two-headed ogre hits you but does no damage.
The gnoll hits you but does no damage. The troll misses you.
The troll closely misses you. x2; The gnoll hits you but does no damage.
The two-headed ogre hits you with a +0 giant club!!
* * * LOW HITPOINT WARNING * * *
The two-headed ogre hits you with a +0 giant club.
* * * LOW HITPOINT WARNING * * *
Things that are here:
a +0 club; a gnoll corpse You block the troll's attack.
The troll completely misses you. The troll claws you but does no damage.
The gnoll misses you.
You feel much better. The troll bites you but does no damage.
The troll closely misses you. The troll claws you but does no damage.
The gnoll hits you but does no damage. The gnoll closely misses you.
Aiming: Quicksilver Bolt
Press: ? - help, Shift-Dir - straight line, f - two-headed ogre
Aim: a two-headed ogre, wielding two +0 giant clubs (moderately wounded, haloed, 91% to hit)
The bolt of dispelling energy hits the troll!
The troll is heavily wounded.
The bolt of dispelling energy hits the two-headed ogre!!
The two-headed ogre is severely wounded.
The troll bites you!
The troll claws you but does no damage. x2
The gnoll hits you but does no damage. You block the gnoll's attack.
The troll bites you!
* * * LOW HITPOINT WARNING * * *
The troll claws you but does no damage. You block the troll's attack.
The gnoll closely misses you. You block the gnoll's attack.
The two-headed ogre hits you with a +0 giant club!!
You die...

####.#.#.##...
#>...#....#.## #######
#########.#.# .....# #...#
#...#.# #...##..... #..##.#
#.))#...... #.....##
#.g.g...... #.......
#.OT#)..... #....... #####
#..@# [.... #.......
##)..###...# ...# #.......
##[....##...# ######.......
#.....†.#...####...†........
#.......'...##.....†#.......
#.......#...##.....##.......
##.....##...#......##.......
##...###........########.##
################ #.#


You could see a two-headed ogre, a troll and 2 gnolls.

Vanquished Creatures
  An ugly thing (D:9)
  Joseph (D:8)
  A troll (D:7)
  2 hornets
  2 wraiths (D:9)
  A vampire (D:9)
  12 yaks
  Grum (D:8)
  A wyvern (D:9)
  2 steam dragons
  A vampire mosquito (D:7)
  An acid dragon (D:9)
  2 water moccasins (D:5)
  Pargi (Sewer)
  2 ice beasts
  An orc warrior (D:9)
  An ogre (D:7)
  A sky beast (D:6)
  3 wolves (D:8)
  3 centaurs
  3 bullfrogs
  2 kobold brigands (D:9)
  3 necrophages (D:6)
  A gnoll sergeant (D:7)
  8 scorpions
  2 water moccasin zombies (D:6)
  10 wights
  9 killer bees
  2 howler monkeys (D:8)
  An electric eel (D:8)
  A centaur zombie (D:6)
  3 jellies
  3 gnoll boudas
  7 orc priests
  5 hounds
  3 iguanas
  3 sleepcaps
  10 orc wizards
  A killer bee zombie (D:6)
  12 gnolls
  5 adders
  A white imp (D:6)
  3 ufetubi
  3 dart slugs
  25 orcs
  A ball python (Sewer)
  2 bats
  5 endoplasms
  11 giant cockroaches
  5 goblins
  4 hobgoblins
  3 kobolds
  6 quokkas
  7 frilled lizards
  7 rats
  A butterfly (D:7)
218 creatures vanquished.

Vanquished Creatures (others)
  A gnoll (D:5)
1 creature vanquished.

Grand Total: 219 creatures vanquished

Notes
Turn   | Place    | Note
-------+----------+-------------------------------------------
     0 | D:1      | Revguard the Gargoyle Fighter began the quest for the Orb.
     0 | D:1      | Reached XP level 1. HP: 14/14 MP: 1/1
   380 | D:1      | Reached XP level 2. HP: 19/19 MP: 2/2
   902 | D:2      | Found Gikig's Jewellery Shoppe.
   919 | D:2      | Identified the +6 ring mail of Fae Knowledge {+Inv rF+
                  | Int+6}
  1103 | D:2      | Found a faded altar of an unknown god.
  1118 | D:2      | Found a faded altar of an unknown god.
  1214 | D:2      | Reached XP level 3. HP: 23/23 MP: 3/3
  1383 | D:3      | Reached skill level 1 in Invocations
  1491 | D:3      | Found a faded altar of an unknown god.
  1493 | D:3      | Found a faded altar of an unknown god.
  1493 | D:3      | Found a hazy altar of Hepliaklqana.
  1574 | D:3      | Found a broken altar of Ashenzari.
  1764 | D:3      | Reached skill level 1 in Evocations
  1764 | D:3      | Reached XP level 4. HP: 26/28 MP: 3/5
  1915 | D:3      | Learned a level 3 spell: Stone Arrow
  2072 | D:4      | Reached XP level 5. HP: 33/33 MP: 6/6
  2125 | D:4      | Reached skill level 1 in Dodging
  2198 | D:4      | Reached skill level 1 in Earth Magic
  2766 | D:4      | Gained mutation: You do not regenerate when monsters are
                  | visible. [potion of mutation]
  2766 | D:4      | Gained mutation: Your movements are slightly less
                  | encumbered by armour. (ER -2) [potion of mutation]
  2808 | D:5      | Entered Level 5 of the Dungeon
  2841 | D:5      | Noticed a water moccasin
  2845 | D:5      | Killed a water moccasin
  2846 | D:5      | Reached skill level 4 in Shields
  2846 | D:5      | Reached skill level 1 in Spellcasting
  2846 | D:5      | Reached XP level 6. HP: 7/38 MP: 7/7
  3043 | D:5      | Reached XP level 7. HP: 25/43 MP: 9/9
  3266 | D:5      | Found an iron altar of Okawaru.
  3446 | D:5      | Learned a level 2 spell: Passwall
  3586 | D:5      | Reached XP level 8. HP: 33/48 MP: 11/11
  3766 | D:5      | Identified a scroll of acquirement
  3766 | D:5      | Acquired 980 gold pieces
  3857 | D:2      | Bought a +4 ring of slaying for 780 gold pieces
  3857 | D:2      | Bought an amulet of regeneration for 300 gold pieces
  3940 | D:5      | Noticed a yak
  3940 | D:5      | Noticed a yak
  3941 | D:5      | Noticed a yak
  3941 | D:5      | Noticed a yak
  3941 | D:5      | Noticed a yak
  3942 | D:5      | Noticed a yak
  3947 | D:5      | Killed a yak
  3951 | D:5      | Killed a yak
  3952 | D:5      | Reached skill level 5 in Armour
  3960 | D:5      | Killed a yak
  3961 | D:5      | Reached skill level 5 in Shields
  3968 | D:5      | Killed a yak
  3969 | D:5      | Reached skill level 5 in Fighting
  3974 | D:5      | Killed a yak
  3979 | D:5      | Killed a yak
  3980 | D:5      | Reached XP level 9. HP: 23/54 MP: 13/13
  4230 | D:6      | Found a blossoming altar of Fedhas.
  4277 | D:6      | Found a staircase to the Ecumenical Temple.
  4289 | Temple   | Entered the Ecumenical Temple
  4327 | Temple   | Became a worshipper of the Shining One
  4554 | D:6      | Found a glowing drain.
  4577 | Sewer    | Entered a sewer
  4624 | Sewer    | Noticed Pargi
  4635 | Sewer    | Killed Pargi
  4660 | Sewer    | Reached skill level 5 in Axes
  4660 | Sewer    | Reached skill level 6 in Shields
  4660 | Sewer    | Reached skill level 5 in Invocations
  4660 | Sewer    | Reached XP level 10. HP: 61/61 MP: 14/17
  5464 | D:7      | Reached * piety under the Shining One
  5472 | D:7      | Reached skill level 5 in Evocations
  5694 | D:7      | Reached skill level 7 in Shields
  5699 | D:7      | Found a runed translucent door.
  5701 | D:7      | Found a runed translucent door.
  5831 | D:7      | Found Giczyrom's Distillery.
  5839 | D:7      | Bought a potion of mutation for 120 gold pieces
  5839 | D:7      | Lost mutation: You do not regenerate when monsters are
                  | visible. [potion of mutation]
  5839 | D:7      | Lost mutation: Your movements are slightly less encumbered
                  | by armour. (ER -2) [potion of mutation]
  5839 | D:7      | Gained mutation: You possess an exceptional clarity of
                  | mind. [potion of mutation]
  5839 | D:7      | Gained mutation: You are clumsy. (Dex -2) [potion of
                  | mutation]
  5839 | D:7      | Gained mutation: You are dopey. (Int -2) [potion of
                  | mutation]
  5840 | D:7      | Bought a potion of resistance for 150 gold pieces
  6034 | D:7      | Reached XP level 11. HP: 52/67 MP: 18/18
  6202 | D:7      | Reached skill level 5 in Spellcasting
  6208 | D:7      | Reached ** piety under the Shining One
  6525 | D:8      | Acquired the ring of Dogarouk {rF+ Will+ rCorr Str+6}
  6562 | D:8      | Noticed Joseph
  6570 | D:8      | Killed Joseph
  6682 | D:8      | Noticed Grum
  6697 | D:8      | Killed Grum
  6757 | D:8      | Found a hide-covered altar of Uskayaw.
  6939 | D:8      | Found a staircase to the Lair.
  7185 | D:8      | Lost mutation: You are dopey. (Int -2) [potion of mutation]
  7185 | D:8      | Lost mutation: You possess an exceptional clarity of mind.
                  | [potion of mutation]
  7185 | D:8      | Gained mutation: You are dopey. (Int -2) [potion of
                  | mutation]
  7378 | D:9      | Identified the +0 robe of Femumar {rElec rF- rC++ Str-2}
  7523 | D:9      | Reached skill level 8 in Shields
  7705 | D:9      | Found a sparkling altar of Nemelex Xobeh.
  7799 | D:9      | Noticed a green ugly thing
  7806 | D:9      | Killed a green ugly thing
  7807 | D:9      | Reached skill level 5 in Dodging
  7880 | D:9      | Noticed a two-headed ogre
  7887 | D:9      | Reached *** piety under the Shining One
  7904 | D:9      | HP: 2/67 [two-headed ogre/+0 giant club (2)]
  7907 | D:9      | Slain by a two-headed ogre

Illustrated notes

Levels and vault maps discovered:
D:1:      heliophobic_arrival_henge, layout_loops_corners
D:2:      layout_rooms, hellmonk_ecumenical_altar_the_god_not_taken,
          serial_shops, shop, serial_rivers, chequers_serial_rivers_micro_b,
          chequers_serial_rivers_large_a, chequers_serial_rivers_micro_c,
          chequers_serial_rivers_marsh
D:3:      layout_rooms, mainiacjoe_overflow_24_doors,
          nicolae_hepliaklqana_ecumenical_no_more, serial_curves,
          eino_curves_03, eino_curves_03
D:4:      layout_gridville
D:5:      layout_rooms, mainiacjoe_overflow_chevrons, chequers_avenue
D:6:      layout_basic, fedhas_altar_decomposition, minmay_temple_entry_waves,
          portal_sewer_entry_f, nicolae_nh_ransacked_shop
D:7:      lemuel_insect_pit, layout_basic, nicolae_stop_n_shop_1,
          minmay_manual_moon
D:8:      nicolae_hitomezashi [nicolae_hito_row, nicolae_hito_row,
          nicolae_hito_row, nicolae_hito_row, nicolae_hito_row,
          nicolae_hito_row, nicolae_hito_row, nicolae_hito_row,
          nicolae_hito_row, nicolae_hito_row, nicolae_hito_row,
          nicolae_hito_row, nicolae_hito_row, nicolae_hito_row,
          nicolae_hito_row, nicolae_hito_row, nicolae_hito_row,
          nicolae_hito_row], layout_basic, nicolae_uskayaw_suspiria,
          nrook_pool_corridor, uniq_joseph, uniq_grum
D:9:      minmay_opposing_rooms, layout_loops_ring,
          nemelex_xobeh_ov_fountains_minmay
Temple:   hellmonk_temple_two_chambers

Skill      XL: |  1  2  3  4  5  6  7  8  9 10 11 |
---------------+----------------------------------+-----
Axes           | 2 3 5 6 |  6.0
Invocations    | 1 2 3 4 5 6 |  6.9
Evocations     | 1 2 3 4 5 |  5.6
Dodging        | 1 2 4 5 |  5.1
Earth Magic    | 1 2 3 6 7 |  7.2
Fighting       | 4 5 6 7 |  7.6
Armour         | 4 5 6 7 |  7.8
Shields        | 4 5 6 7 8 |  8.4
Spellcasting   | 1 2 3 4 5 |  5.4
Conjurations   | 3 |  3.6

Action                     |  1- 3 |  4- 6 |  7- 9 | 10-12 || total
---------------------------+-------+-------+-------+-------++-------
  Melee: War axe           |    80 |   111 |   190 |   354 ||   735
   Cast: Stone Arrow       |       |       |       |    15 ||    15
  Evoke: Wand              |       |     7 |     2 |     4 ||    13
    Use: Potion            |       |     7 |     1 |     4 ||    12
         Scroll            |       |     5 |     4 |     5 ||    14
 Armour: Scale mail        |    20 |       |       |       ||    20
         Ring mail         |    30 |    95 |    85 |   217 ||   427
  Dodge: Dodged            |    51 |   106 |   173 |   316 ||   646
  Block: Buckler           |    20 |    38 |    51 |   136 ||   245
